 Dungeon Crawl Stone Soup version 0.28-a0-241-gfbb0926a3a (webtiles) character file.

Game seed: 18245872170058671743

27 Malachi the Chiller (level 2, 0/19 HPs)
             Began as a Demonspawn Ice Elementalist on Aug 24, 2021.
             Was a Follower of Jiyva.
             Slain by Robin (4 damage)
             ... on level 2 of the Dungeon.
             The game lasted 00:02:26 (1228 turns).

Malachi the Chiller (Demonspawn Ice Elementalist)   Turns: 1228, Time: 00:02:26

Health: 0/19       AC:  2    Str:  8    XL:     2   Next: 93%
Magic:  0/5        EV: 12    Int: 16    God:    Jiyva [*.....]
Gold:   42         SH:  0    Dex: 13    Spells: 4/5 levels left

rFire   + . .      SeeInvis .   (no weapon)
rCold   + . .      Faith    .   (no shield)
rNeg    . . .      Spirit   .   a - +0 robe
rPois   +          Reflect  .   (no helmet)
rElec   +          Harm     .   (no cloak)
rCorr   +          Rampage  .   (no gloves)
Will    +....                   (no boots)
Stlth   ++........              (no amulet)
HPRegen 0.06/turn               (no ring)
MPRegen 0.09/turn               (no ring)

@: mighty, resistant
A: spiny 1, strong-willed 1, no potion heal 2, MP-powered wands
a: Renounce Religion, Request Jelly


You were on level 2 of the Dungeon.
You worshipped Jiyva.
Jiyva was aware of your devotion.
You visited 1 branch of the dungeon, and saw 2 of its levels.

You collected 42 gold pieces.

Inventory:

Armour
 a - a +0 robe (worn)
Scrolls
 d - a scroll of teleportation {unknown}
Potions
 e - a potion of mutation


   Skills:
 + Level 0.1 Fighting
 - Level 1.7 Dodging
 + Level 1.7 Stealth
 + Level 2.1 Spellcasting
 * Level 4.4 Ice Magic


You had 4 spell levels left.
You knew the following spells:

 Your Spells              Type           Power      Damage    Failure   Level
a - Freeze                Ice            60%        1d8       3%          1

Your spell library contained the following spells:

 Spells                   Type           Power      Damage    Failure   Level
 Frozen Ramparts          Ice            30%        1d5       10%         3
 Ozocubu's Armour         Ice            15%        N/A       10%         3
 Hailstorm                Conj/Ice       8%         3d4       63%         4


Dungeon Overview and Level Annotations

Branches:
Dungeon (2/15)

Altars:
Jiyva

Shops:
D:1 =

Annotations:
D:2 Robin


Innate Abilities, Weirdness & Mutations

You are partially covered in sharp spines.
You are strong-willed. (Will+)
Potions cannot restore your health.
You expend magic power (3 MP) to strengthen your wands.


Message History

You hit Robin.
Robin is lightly wounded.
A hobgoblin comes into view.
You hear a distant slurping noise.
Robin is struck by your spines. Robin closely misses you.
A goblin comes into view. It is wielding a +0 club.
The hobgoblin shouts!
You hit Robin but do no damage.
Robin is moderately wounded.
You hear a shout!
Robin hits you with a +0 dagger.
Casting: Freeze (safe; 3% risk of failure)
Confirm with . or Enter, or press ? or * to list all spells.
Aiming: Freeze (safe; 3% risk of failure)
Press: ? - help, Shift-Dir - straight line, f - Robin
Aim: Robin, wielding a +0 dagger, wearing a +0 animal skin and wearing a +0 helmet (moderately wounded)
You freeze Robin.
Robin is heavily wounded.
Unknown command.
It was a potion of resistance.
You feel protected. Robin is struck by your spines.
Robin hits you with a +0 dagger.
* * * LOW HITPOINT WARNING * * *
It was a potion of might.
You feel very mighty all of a sudden.
It was a potion of mutation.
You feel extremely strange.
Your system partially rejects the healing effects of potions.
You feel your magical essence link to the dungeon's wands.
Your system completely rejects the healing effects of potions.
You feel strong-willed.
Robin roars a battlecry!
The goblins go into a battle-frenzy!
You hit Robin but do no damage.
Robin is heavily wounded.
Robin hits you with a +0 dagger.
* * * LOW HITPOINT WARNING * * *
Unknown command.
It was a potion of curing.
That felt strangely inert.
Robin is struck by your spines. Robin hits you with a +0 dagger.
You die... gg

## #. g.#g ###.#.
...gg ### #.g. #@#
#...####g######
#..gg<.ggg......
#.......gg.......
......#####.#######
###... ..# ...# ###
.... ###


You could see Robin, a hobgoblin (strong) and 4 goblins.

Vanquished Creatures
  A dart slug (D:1)
  A giant cockroach (D:1)
  8 goblins
  5 hobgoblins (D:1)
  A kobold (D:1)
  A quokka (D:1)
  2 ball pythons (D:1)
  A bat (D:1)
  2 rats (D:1)
22 creatures vanquished.

Vanquished Creatures (others)
  A goblin (D:2)
1 creature vanquished.

Grand Total: 23 creatures vanquished

Notes
Turn   | Place    | Note
-------+----------+-------------------------------------------
     0 | D:1      | Malachi the Demonspawn Ice Elementalist began the quest for
                  | the Orb.
     0 | D:1      | Reached XP level 1. HP: 13/13 MP: 3/3
   292 | D:1      | Reached skill level 4 in Ice Magic
   292 | D:1      | Gained mutation: You are partially covered in sharp spines.
                  | [demonic ancestry]
   292 | D:1      | Reached XP level 2. HP: 15/19 MP: 1/5
   482 | D:1      | Found Acwurgh's Jewellery Shoppe.
   784 | D:1      | Found a faded altar of an unknown god.
  1104 | D:1      | Became a worshipper of Jiyva Juen the Shapeless
  1104 | D:1      | Reached * piety under Jiyva
  1197 | D:2      | Noticed Robin
  1226 | D:2      | Gained mutation: Potions are less effective at restoring
                  | your health. [potion of mutation]
  1226 | D:2      | Gained mutation: You expend magic power (3 MP) to
                  | strengthen your wands. [potion of mutation]
  1226 | D:2      | Gained mutation: Potions cannot restore your health.
                  | [potion of mutation]
  1226 | D:2      | Gained mutation: You are strong-willed. (Will+) [potion of
                  | mutation]
  1228 | D:2      | Slain by Robin

Illustrated notes

Levels and vault maps discovered:
D:1:      amcnicky_arrival_gap_in_the_tavern_cellar, layout_loops_ring,
          basic_ecumenical_altar, serial_shops, shop
D:2:      kennysheep_six_static_rooms, layout_loops_ring, minmay_pentomino_z2,
          uniq_robin

Skill      XL: |  1 |
---------------+----+-----
Ice Magic      | 4 |  4.4
Fighting       | |  0.1
Dodging        | |  1.7
Stealth        | |  1.7
Spellcasting   | |  2.1

Action                   || total
-------------------------++-------
Melee: Unarmed           ||    13
 Cast: Freeze            ||    29
  Use: Potion            ||     4
Armor: Robe              ||     3
Dodge: Dodged            ||    20

Table legend: (Time is in decaauts)
 A = Elapsed time spent in this place.
 B = Non-inter-level travel time spent in this place.
 C = Inter-level travel time spent in this place.
 D = Time resting spent in this place.
 E = Time spent auto-exploring this place.
 F = Levels seen in this place.
 G = Mean time per level.
                   A        B        C        D        E       F      G
               +--------+--------+--------+--------+--------+-----+--------+
         Total |   1227 |   1150 |     77 |    275 |    711 |   2 |  613.5 |
       Dungeon |   1227 |   1150 |     77 |    275 |    711 |   2 |  613.5 |
               +--------+--------+--------+--------+--------+-----+--------+

Top non-repeatable levels by time:
     D:1: 1196 daAuts
     D:2: 31 daAuts
